 Dungeon Crawl Stone Soup version 0.21.0-3-g78d12a8 (webtiles) character file.

32718 vatarom the Cleaver (level 13, 116/116 HPs)
             Began as a Hill Orc Fighter on Jan 17, 2018.
             Was a High Priest of Beogh.
             Starved to death
             ... while paralysed
             ... in a labyrinth.
             The game lasted 00:32:56 (15442 turns).

vatarom the Cleaver (Hill Orc Fighter)             Turns: 15442, Time: 00:32:56

Health: 116/116    AC: 31    Str: 28    XL:     13   Next: 66%
Magic:  20/20      EV:  2    Int:  8    God:    Beogh [*****.]
Gold:   1028       SH:  0    Dex: 14    Spells: 12/12 levels left

rFire    + . .     SeeInvis .   R - +3 battleaxe of Fighting Over It {vamp, +Fly Stlth+}
rCold    + . .     Gourm    .   (shield currently unavailable)
rNeg     . . .     Faith    .   w - +0 gold dragon scales
rPois    +         Spirit   .   z - +1 hat {MR+}
rElec    .         Reflect  .   r - +1 cloak
rCorr    .         Harm     .   j - +0 pair of gloves
MR       +....                  P - +2 pair of boots
Stlth    ..........             (no amulet)
HPRegen  0.29/turn              i - +6 ring of strength
MPRegen  0.17/turn              n - +4 ring of protection

@: paralysed, fainting
A: walk on water, antennae 1, mutation resistance 1, strong 1
a: Smiting, Recall Orcish Followers, Give Item to Named Follower, Renounce
Religion, Evoke Flight


You were in a labyrinth.
You worshipped Beogh.
Beogh was extremely pleased with you.
You were fainting.

You visited 4 branches of the dungeon, and saw 20 of its levels.
You also visited: Labyrinth and Ice Cave.

You collected 1231 gold pieces.
You spent 203 gold pieces at shops.

Inventory:

Hand Weapons
 a - a +2 war axe of venom
 R - the +3 battleaxe of Fighting Over It (weapon) {vamp, +Fly Stlth+}
   (You found it on level 5 of the Lair of Beasts)

   It inflicts no extra harm, but heals its wielder when it wounds a living foe.
   It lets you fly.
   It makes you more stealthy.
Missiles
 t - 8 javelins of returning
 B - a throwing net (quivered)
Armour
 j - a +0 pair of gloves (worn)
 r - a +1 cloak (worn)
 w - +0 gold dragon scales (worn)
 z - a +1 hat of magic resistance (worn)
 P - a +2 pair of boots (worn)
Jewellery
 c - an uncursed amulet of regeneration {unknown}
 i - a +6 ring of strength (left hand)
 n - a +4 ring of protection (right hand)
 v - an uncursed ring of protection from magic
 I - an uncursed ring of resist corrosion {unknown}
Wands
 b - a wand of digging (9)
 f - a wand of acid (10)
 q - a wand of flame (74)
 s - a wand of scattershot (7)
 C - a wand of enslavement (16)
 G - a wand of polymorph (27)
 L - a wand of iceblast (18)
Scrolls
 g - 3 scrolls of magic mapping
 o - 5 scrolls of amnesia
 u - 7 scrolls of enchant armour
 y - 2 scrolls of teleportation
 E - a scroll of fog
 J - a scroll of summoning
Potions
 d - 2 potions of might
 e - 2 potions of cancellation
 l - 2 potions of flight
 m - 2 potions of agility
 p - 3 potions of invisibility
 x - 6 potions of curing
 F - 2 potions of resistance
 M - a potion of berserk rage {unknown}
 N - 2 potions of heal wounds
 Q - a potion of ambrosia {unknown}
Books
 A - a book of Cantrips

   Spells                             Type                      Level
   a - Confusing Touch                Hexes                        1
   b - Animate Skeleton               Necromancy                   1
   c - Summon Small Mammal            Summoning                    1
   d - Apportation                    Translocation                1
 K - a book of Changes

   Spells                             Type                      Level
   a - Beastly Appendage              Transmutation                1
   b - Sticks to Snakes               Transmutation                2
   c - Spider Form                    Transmutation/Poison         3
   d - Ice Form                       Ice/Transmutation            4
   e - Blade Hands                    Transmutation                5
 O - a book of Flames

   Spells                             Type                      Level
   a - Flame Tongue                   Conjuration/Fire             1
   b - Throw Flame                    Conjuration/Fire             2
   c - Conjure Flame                  Conjuration/Fire             3
   d - Inner Flame                    Hexes/Fire                   3
   e - Sticky Flame                   Conjuration/Fire             4
   f - Fireball                       Conjuration/Fire             5


   Skills:
 + Level 11.2 Fighting
 + Level 12.4 Axes
 + Level 12.2 Armour
 * Level 6.9 Dodging
   Level 12.0 Shields
 + Level 10.3 Invocations


You had 12 spell levels left.
You didn't know any spells.

Dungeon Overview and Level Annotations

Branches:
Dungeon (11/15)            Temple (1/1) D:4            Lair (6/6) D:10
 Shoals (0/4) Lair:3        Snake (0/4) Lair:4        Slime (0/5) Lair:5
    Orc (2/2) D:10
    Elf: Orc:2

Altars:
Ashenzari
Cheibriados
Dithmenos
Elyvilon
Fedhas
Gozag
Hepliaklqana
Kikubaaqudgha
Makhleb
Nemelex Xobeh
Okawaru
Qazlal
Ru
Sif Muna
Trog
Uskayaw
Vehumet
Wu Jian
Xom
Yredelemnul
Zin
The Shining One

Shops:
D:8 [   Orc:1 (

Annotations:
D:2 1 runed door
D:11 Josephine
Lair:5 exclusion: 3 oklob plants
Orc:1 1 transporter


Innate Abilities, Weirdness & Mutations

You can walk on water.
You have a pair of small antennae on your head.
You are somewhat resistant to further mutation.
Your muscles are strong. (Str +2)


Message History

You miss the hungry ghost.
The hungry ghost is almost destroyed.
The hungry ghost hits you.
You feel slightly more hungry.
You closely miss the hungry ghost.
The hungry ghost is almost destroyed.
The hungry ghost hits you.
You feel slightly more hungry.
You feel a sudden draft!
You slash the hungry ghost!
You destroy the hungry ghost!
Beogh accepts your kill.
A hungry ghost comes into view.
Found 15 stones.
You aren't carrying any food.
You lose consciousness!
The hungry ghost hits you.
You feel slightly more hungry. The hungry ghost hits you.
You feel slightly more hungry. The hungry ghost hits you.
The hungry ghost hits you.
You have starved to death.
You die...

### ## ... ..
#.# . # # # #
# ##(##..#.. .
###. .⌠. ..##
# ....
#W##.... .#
#...#@#.†##.#
## ###
#...........#.
. #. .
###.#.#.#.###
. . ...#.#.# #
. . ### ###.#
## # #.# . .
#.#.### # # ##
#...... # . .
.#.#####.#
###.


You could see a hungry ghost.

Vanquished Creatures
  Erolcha (D:9)
  A hydra (Lair:4)
  Erica (Lair:1)
  2 two-headed ogres
  A cyclops (Orc:1)
  An orc sorcerer (Orc:1)
  2 molten gargoyles (Lair:4)
  2 black mambas (Lair:5)
  3 spiny frogs
  5 komodo dragons
  2 trolls
  6 blink frogs
  A polar bear (Lair:2)
  2 hippogriffs
  2 redbacks (Lab)
  A spriggan (Lair:2)
  10 yaks
  2 basilisks
  Grum (D:9)
  7 hungry ghosts
  2 wargs (D:10)
  A two-headed ogre zombie (D:10)
  2 water moccasins
  6 porcupines
  7 orc warriors
  4 sky beasts
  10 ice beasts
  2 black bears
  2 necrophages
  2 phantoms (D:7)
  8 wolves
  4 ogres
  2 crocodiles
  5 centaurs
  3 big kobolds
  A wyvern zombie (D:10)
  9 bullfrogs
  A gnoll sergeant (D:9)
  2 wyvern skeletons
  A scorpion (D:8)
  A troll zombie (D:10)
  A water moccasin skeleton (D:7)
  8 killer bees
  4 wights (D:8)
  A howler monkey (D:6)
  4 crimson imps
  5 lava snakes (Lair:4)
  A jelly (D:9)
  A centaur zombie (D:11)
  3 centaur skeletons
  5 orc priests
  A gnoll shaman (D:7)
  5 hounds
  12 orc wizards
  5 human zombies (D:11)
  Jessica (D:3)
  3 iguanas
  Ijyb (D:4)
  A human skeleton (D:11)
  9 worker ants
  2 polar bear simulacra (Lair:3)
  A wolf simulacrum (Lair:3)
  2 ogre zombies (D:10)
  A hound skeleton (D:10)
  A mummy (D:8)
  A worker ant zombie (D:6)
  Robin (D:2)
  15 gnolls
  A howler monkey skeleton (D:4)
  9 adders
  6 shadow imps
  An adder zombie (D:7)
  2 adder skeletons
  4 worms
  4 dart slugs
  3 leopard geckos
  34 orcs
  A ball python (D:1)
  6 giant cockroaches
  9 goblins
  11 hobgoblins
  10 jackals
  6 quokkas
  8 bats
  3 frilled lizards
  3 goblin skeletons (D:10)
  2 goblin zombies (D:10)
  2 hobgoblin skeletons (D:10)
  2 hobgoblin zombies (D:10)
  A jackal skeleton (D:4)
  16 kobolds
  2 leopard gecko skeletons (D:3)
  3 orc skeletons (D:10)
  10 orc zombies (D:10)
  2 quokka skeletons
  A quokka zombie (D:8)
  6 rats
  2 river rat simulacra (Lair:3)
  2 fungi
395 creatures vanquished.

Vanquished Creatures (collateral kills)
  Kirke (Lair:5)
  Nessos (Lair:4)
  4 hydras
  Sonja (Lair:4)
  An orc knight (Orc:1)
  An oklob plant (Lair:5)
  An ugly thing (Lair:1)
  A centaur zombie (D:10)
  A black mamba (Lair:5)
  4 spiny frogs
  3 komodo dragons
  A rime drake (Lair:3)
  A troll (D:10)
  A polar bear (Lair:3)
  9 blink frogs
  4 hippogriffs
  A spriggan (Lair:2)
  2 wraiths (D:11)
  10 yaks
  A hog (Lair:5)
  A two-headed ogre zombie (D:10)
  2 orc warriors (Orc:1)
  8 water moccasins
  A porcupine (Lair:5)
  A black bear (Lair:2)
  2 phantoms (D:10)
  A sky beast (D:10)
  An ogre (D:9)
  7 wolves
  2 centaurs (Lair:3)
  2 crocodiles
  5 bullfrogs
  A scorpion (D:10)
  A killer bee (D:10)
  A howler monkey (D:10)
  An orc priest (D:10)
  An orc wizard (D:8)
  A worker ant (D:9)
  2 yak simulacra (Lair:3)
  2 polar bear simulacra (Lair:3)
  A wolf simulacrum (Lair:3)
  3 ogre zombies (D:10)
  2 gnolls (D:9)
  An orc (D:11)
  3 orc zombies (D:10)
  A river rat simulacrum (Lair:3)
  3 fungi
  3 plants
109 creatures vanquished.

Vanquished Creatures (others)
  An orc knight (D:11)
  A necromancer (Lair:3)
  2 orc sorcerers
  3 orc warriors (Orc:1)
  A howler monkey (D:4)
  2 orc priests
  16 orcs
  3 fungi
  2 plants
31 creatures vanquished.

Grand Total: 535 creatures vanquished

Notes
Turn   | Place    | Note
-------+----------+-------------------------------------------
     0 | D:1      | vatarom the Hill Orc Fighter began the quest for the Orb.
     0 | D:1      | Reached XP level 1. HP: 19/19 MP: 1/1
    80 | D:1      | Reached XP level 2. HP: 27/27 MP: 2/2
   283 | D:1      | Reached XP level 3. HP: 33/33 MP: 3/3
   574 | D:2      | Noticed Robin
   582 | D:2      | Killed Robin
   718 | D:2      | Reached XP level 4. HP: 40/40 MP: 4/4
  1127 | D:2      | Gained mutation: You are somewhat resistant to further mutation. [potion of mutation]
  1148 | D:2      | Found a runed door.
  1222 | D:3      | Noticed Jessica
  1234 | D:3      | Killed Jessica
  1248 | D:3      | Reached XP level 5. HP: 47/47 MP: 5/5
  1261 | D:3      | Reached skill level 5 in Axes
  1295 | D:3      | Found a blossoming altar of Fedhas.
  1373 | D:3      | Found an ancient bone altar of Kikubaaqudgha.
  1509 | D:3      | Reached XP level 6. HP: 52/53 MP: 6/6
  1514 | D:3      | Noticed an ice beast
  1524 | D:3      | Killed an ice beast
  2107 | D:4      | Noticed a phantom
  2165 | D:4      | Reached skill level 5 in Fighting
  2187 | D:4      | Found a deep blue altar of Sif Muna.
  2193 | D:4      | Became a worshipper of Beogh the Brigand
  2202 | D:4      | Noticed Ijyb
  2211 | D:4      | Killed Ijyb
  2544 | D:4      | Reached XP level 7. HP: 45/61 MP: 7/7
  2599 | D:4      | Reached skill level 5 in Shields
  2627 | D:4      | Reached skill level 5 in Armour
  2732 | D:4      | Found a staircase to the Ecumenical Temple.
  2848 | Temple   | Entered the Ecumenical Temple
  3375 | D:5      | Entered Level 5 of the Dungeon
  3421 | D:5      | Found an ancient bone altar of Kikubaaqudgha.
  3444 | D:5      | Reached XP level 8. HP: 70/70 MP: 8/8
  3657 | D:5      | Noticed a hippogriff
  3670 | D:5      | Killed a hippogriff
  3940 | D:5      | Reached * piety under Beogh
  4212 | D:5      | Lost mutation: You are somewhat resistant to further mutation. [potion of mutation]
  4212 | D:5      | Gained mutation: You have a pair of small antennae on your head. [potion of mutation]
  4212 | D:5      | Gained mutation: You are somewhat resistant to further mutation. [potion of mutation]
  4212 | D:5      | Gained mutation: Your muscles are strong. (Str +2) [potion of mutation]
  4763 | D:6      | Reached skill level 1 in Invocations
  5007 | D:6      | Reached XP level 9. HP: 74/78 MP: 10/10
  5359 | D:7      | Reached ** piety under Beogh
  6061 | D:7      | Found an iron altar of Okawaru.
  6063 | D:7      | Found a sparkling altar of Nemelex Xobeh.
  6098 | D:7      | Found a burning altar of Makhleb.
  6567 | D:8      | Reached *** piety under Beogh
  6599 | D:8      | Found Dyrerylu's Antique Armour Emporium.
  6637 | D:8      | Reached XP level 10. HP: 84/86 MP: 13/13
  6646 | D:8      | Bought an embroidered hat for 203 gold pieces
  6731 | D:8      | Found a basalt altar of Yredelemnul.
  6810 | D:8      | Found a burning altar of Makhleb.
  7044 | D:8      | Noticed a two-headed ogre
  7050 | D:8      | Killed a two-headed ogre
  7050 | D:8      | Reached skill level 5 in Invocations
  7457 | D:8      | Found a snail-covered altar of Cheibriados.
  7668 | D:8      | Found a glowing golden altar of the Shining One.
  7694 | D:8      | Noticed an angel
  7719 | D:9      | Reached **** piety under Beogh
  7746 | D:9      | Noticed Erolcha
  7823 | D:9      | Noticed Grum
  7839 | D:9      | Killed Grum
  8162 | D:9      | Found a shadowy altar of Dithmenos.
  8246 | D:9      | Killed Erolcha
  8246 | D:9      | Reached skill level 10 in Armour
  8246 | D:9      | Reached skill level 10 in Shields
  8246 | D:9      | Reached XP level 11. HP: 95/95 MP: 15/15
  8426 | D:10     | Entered Level 10 of the Dungeon
  8712 | D:10     | Reached skill level 10 in Axes
  8739 | D:10     | Gained Olfik as an ally
  8742 | D:10     | Found a staircase to the Lair.
  8989 | D:10     | Found a staircase to the Orcish Mines.
  8992 | D:10     | Reached ***** piety under Beogh
  9497 | D:11     | Found a basalt altar of Yredelemnul.
  9500 | D:11     | Noticed a phantasmal warrior
  9560 | D:11     | Noticed Josephine
  9561 | D:11     | Noticed a skeletal warrior
  9562 | D:11     | Noticed a death knight
  9580 | D:11     | Your ally Olfik died
  9860 | D:11     | Reached skill level 1 in Dodging
  9946 | D:11     | Noticed a two-headed ogre
  9959 | D:11     | Killed a two-headed ogre
 10033 | Orc:1    | Entered Level 1 of the Orcish Mines
 10051 | Orc:1    | Noticed a cyclops
 10052 | Orc:1    | Found a transporter.
 10064 | Orc:1    | Killed a cyclops
 10110 | Orc:1    | Noticed an orc sorcerer
 10111 | Orc:1    | Noticed an orc knight
 10135 | Orc:1    | Noticed an orc knight
 10137 | Orc:1    | Noticed an orc sorcerer
 10138 | Orc:1    | Noticed an orc sorcerer
 10547 | Orc:2    | Entered Level 2 of the Orcish Mines
 10601 | Orc:1    | Found Meimyimput's Weapon Emporium.
 10636 | Orc:1    | Killed an orc knight
 10656 | Orc:1    | Killed an orc sorcerer
 10766 | Lair:1   | Entered Level 1 of the Lair of Beasts
 10819 | Lair:1   | Found a frozen archway.
 10835 | Lair:1   | Reached XP level 12. HP: 78/105 MP: 17/17
 10921 | IceCv    | Entered an ice cave
 11185 | Lair:1   | Reached ****** piety under Beogh
 11217 | Lair:1   | Got a polished leather armour
 11218 | Lair:1   | Identified the +2 leather armour "Bouxzy" {rElec rC- rCorr MP+9} (You found it on level 1 of the Lair of Beasts)
 11350 | Lair:1   | Noticed Erica
 11356 | Lair:1   | Killed Erica
 11714 | Lair:2   | Gained Warrok as an ally
 11715 | Lair:2   | Reached skill level 10 in Fighting
 12257 | Lair:2   | Noticed a six-headed hydra
 12264 | Lair:2   | Killed a six-headed hydra
 12466 | Lair:3   | Reached skill level 5 in Dodging
 12516 | Lair:3   | Gained Ugbert as an ally
 12527 | Lair:3   | Got a scorched chain mail
 12528 | Lair:3   | Identified the +4 chain mail "Pemeub" {MR+ Dex+3} (You found it on level 3 of the Lair of Beasts)
 12610 | Lair:3   | Found a staircase to the Shoals.
 12613 | Lair:3   | Noticed a seven-headed hydra
 12621 | Lair:3   | Killed a nine-headed hydra
 13085 | Lair:4   | Reached XP level 13. HP: 63/114 MP: 20/20
 13590 | Lair:4   | Found a staircase to the Snake Pit.
 13767 | Lair:4   | Noticed Nessos
 13778 | Lair:4   | Killed Nessos
 14037 | Lair:4   | Noticed Sonja
 14042 | Lair:4   | Killed Sonja
 14364 | Lair:5   | Gained Borgoth as an ally
 14375 | Lair:5   | Your ally Borgoth died
 14474 | Lair:5   | Reached skill level 10 in Invocations
 14665 | Lair:5   | Got a dazzling battleaxe
 14676 | Lair:5   | Identified the +3 battleaxe of Fighting Over It {vamp, +Fly Stlth+} (You found it on level 5 of the Lair of Beasts)
 14694 | Lair:5   | Found a staircase to the Slime Pits.
 15003 | Lair:5   | Noticed Kirke
 15010 | Lair:5   | Killed Kirke
 15131 | Lair:6   | Entered Level 6 of the Lair of Beasts
 15143 | Lair:6   | Found a labyrinth entrance.
 15159 | Lab      | Entered a labyrinth
 15293 | Lab      | Paralysed by fainting for 12 turns
 15436 | Lab      | Paralysed by fainting for 7 turns
 15442 | Lab      | Starved to death

Skill      XL: |  1  2  3  4  5  6  7  8  9 10 11 12 13 |
---------------+----------------------------------------+-----
Axes           | 3 4 5 6 7 8 9 10 11 12 | 12.4
Fighting       | 4 5 6 7 8 9 10 11 | 11.2
Shields        | 4 6 7 8 10 11 12 | 12.0
Armour         | 4 5 7 8 10 11 12 | 12.2
Invocations    | 2 4 6 7 9 10 | 10.3
Dodging        | 3 5 6 |  6.9

Action                   |  1- 3 |  4- 6 |  7- 9 | 10-12 | 13-15 || total
-------------------------+-------+-------+-------+-------+-------++-------
Melee: War axe           |    79 |   179 |   400 |   661 |   121 ||  1440
       Battleaxe         |       |       |       |       |    54 ||    54
Throw: Javelin           |       |       |     2 |     3 |       ||     5
       Throwing net      |       |       |       |     1 |     1 ||     2
Invok: Convert to Beogh  |       |     1 |       |       |       ||     1
       Recall Orcish Fol |       |       |       |     5 |     5 ||    10
       Smiting           |       |       |       |     5 |     7 ||    12
       Give Item to Name |       |       |       |     1 |       ||     1
       Resurrection      |       |       |       |       |     1 ||     1
Evoke: Wand              |       |       |     7 |     3 |       ||    10
  Use: Scroll            |     2 |     3 |     5 |    17 |     2 ||    29
       Potion            |       |     3 |     4 |       |       ||     7
 Stab: Held in net/web   |       |       |       |     2 |       ||     2
       Distracted        |       |       |       |     1 |     1 ||     2
       Paralysed         |       |       |       |       |     1 ||     1
  Eat: Chunk             |       |     2 |     9 |    11 |     3 ||    25
       Ration            |       |     1 |     6 |     3 |     5 ||    15
Armor: Scale mail        |    28 |    74 |       |       |       ||   102
       Ring mail         |       |    14 |   163 |   231 |       ||   408
       Skin              |       |       |    26 |       |       ||    26
       Gold dragon scale |       |       |       |    60 |   123 ||   183
Dodge: Dodged            |    24 |    49 |   127 |   192 |    61 ||   453
Block: Shield            |    40 |   111 |   272 |   488 |   105 ||  1016
